 Dungeon Crawl Stone Soup version 0.28.0-47-ge53b351184 (webtiles) character file.

Game seed: 10848405186291364906

1148 Cak3Hol3 the Chopper (level 8, -10/70 HPs)
             Began as a Hill Orc Berserker on May 1, 2022.
             Was a Priest of Trog.
             Mangled by a two-headed ogre
             ... wielding a +0 giant club
              (16 damage)
             ... on level 6 of the Dungeon.
             The game lasted 00:31:48 (6188 turns).

Cak3Hol3 the Chopper (Hill Orc Berserker)           Turns: 6188, Time: 00:31:49

Health: -10/70     AC: 10    Str: 22    XL:     8   Next: 38%
Magic:  8/8        EV:  8    Int:  7    God:    Trog [***...]
Gold:   182        SH:  3    Dex: 10    Spells: 7/7 levels left

rFire   . . .      SeeInvis +   r - +6 flail (drain)
rCold   . . .      Faith    .   v - +0 buckler
rNeg    . . .      Spirit   .   i - +0 chain mail
rPois   .          Reflect  .   (no helmet)
rElec   .          Harm     .   (no cloak)
rCorr   .          Rampage  .   (no gloves)
Will    .....                   (no boots)
Stlth   ..........              (no amulet)
HPRegen 0.21/turn               o - ring of see invisible
MPRegen 0.11/turn               (no ring)

@: no status effects
A: no striking features
a: Renounce Religion, Berserk, Trog's Hand


You were on level 6 of the Dungeon.
You worshipped Trog.
Trog was most pleased with you.
You visited 2 branches of the dungeon, and saw 7 of its levels.

You collected 182 gold pieces.

Inventory:

Hand Weapons
 a - a +0 hand axe
 g - a +0 spear
 h - a +0 falchion
 p - a +1 flail of protection
 r - a +6 flail of draining (weapon)
 t - a +2 vampiric dagger
 u - a +3 rapier of venom
Missiles
 e - 72 arrows
Armour
 i - a +0 chain mail (worn)
 v - a +0 buckler (worn)
Magical Staves
 l - a staff of air
Jewellery
 o - a ring of see invisible (left hand)
Wands
 d - a wand of polymorph (7)
Scrolls
 b - a scroll of teleportation {unknown}
 f - 4 scrolls of identify {unknown}
 j - a scroll of silence {unknown}
 q - a scroll of magic mapping {unknown}
 s - a scroll of amnesia {unknown}
Potions
 k - a potion of heal wounds {unknown}
 m - 2 potions of flight {unknown}
 n - a potion of ambrosia {unknown}


   Skills:
 + Level 6.2 Fighting
 + Level 7.3(8.4) Axes
 + Level 5.3(6.6) Maces & Flails
 + Level 5.5 Armour
 + Level 2.4 Dodging
 + Level 0.3 Stealth


You had 7 spell levels left.
You didn't know any spells.
Your spell library was empty.

Dungeon Overview and Level Annotations

Branches:
Dungeon (6/15)             Temple (1/1) D:4

Altars:
Ashenzari
Cheibriados
Dithmenos
Fedhas
Gozag
Hepliaklqana
Kikubaaqudgha
Makhleb
Nemelex Xobeh
Okawaru
Qazlal
Ru
Sif Muna
Trog
Uskayaw
Vehumet
Wu Jian
Xom
Yredelemnul
Zin
The Shining One

Shops:
D:1 !


Message History

Found a falchion.
You see here a +0 falchion.
Found a buckler.
You see here a +0 buckler.
v - a +0 buckler You start putting on your armour.
You continue putting on your +0 buckler. x4
You finish putting on your +0 buckler.
Found a stone staircase leading up.
Found 22 arrows.
There is a stone staircase leading up here.
Found a golden potion.
e - 72 arrows (gained 22)
A two-headed ogre comes into view. It is wielding two +0 giant clubs.
The two-headed ogre shouts in stereo!
It was a potion of curing.
You feel better.
A bullfrog zombie comes into view.
A black bear comes into view.
The black bear growls angrily.
You hit the two-headed ogre.
The two-headed ogre is lightly wounded.
The two-headed ogre hits you with a +0 giant club!!
The two-headed ogre barely misses you.
A scorpion comes into view.
The scorpion moves out of view.
The two-headed ogre hits you with a +0 giant club!!
* * * LOW HITPOINT WARNING * * *
The two-headed ogre hits you with a +0 giant club!
* * * LOW HITPOINT WARNING * * *
Aiming: Polymorph
Press: ? - help, Q - select action, (/) - cycle Shift-Dir - straight line, f - two-headed ogre
Aim: a two-headed ogre, wielding two +0 giant clubs (lightly wounded, will become a glowing orange brain, an alligator, or a torpor snail, chance to affect: 31%)
The two-headed ogre easily resists.
You block the two-headed ogre's attack. x2
You completely miss the two-headed ogre.
The two-headed ogre is lightly wounded.
The scorpion stings you.
* * * LOW HITPOINT WARNING * * *
The two-headed ogre barely misses you.
The two-headed ogre hits you with a +0 giant club!
You die...

#.###.# #.....#
#.#.### ##.#.#
##....# #.....# #
.####.....## ..#
..........Z#####.....
.####..!..h.O@s......
#.##...#####..... #.
##.## ..# #. #.# # #.
#.# ## #.. .. ### ##
#


You could see a two-headed ogre, a black bear, a scorpion and a bullfrog zombie.

Vanquished Creatures
  Eustachio (D:5)
  Edmund (D:5)
  An ice beast (D:5)
  2 ogres (D:5)
  3 phantoms
  A kobold brigand (D:5)
  A jelly (D:4)
  A centaur skeleton (D:2)
  An orc priest (D:5)
  2 hounds (D:5)
  2 scorpion zombies (D:5)
  A hound skeleton (D:5)
  A howler monkey zombie (D:5)
  4 adders
  An adder skeleton (D:4)
  4 worms
  4 dart slugs
  4 orcs
  5 ball pythons
  4 bats
  6 endoplasms
  6 goblins
  3 hobgoblins
  15 jackals
  2 quokkas (D:3)
  3 frilled lizards (D:2)
  12 kobolds
  3 rats
94 creatures vanquished.

Vanquished Creatures (others)
  86 plants (D:1)
86 creatures vanquished.

Grand Total: 180 creatures vanquished

Notes
Turn   | Place    | Note
-------+----------+-------------------------------------------
     0 | D:1      | Cak3Hol3 the Hill Orc Berserker began the quest for the
                  | Orb.
     0 | D:1      | Reached XP level 1. HP: 19/19 MP: 1/1
    79 | D:1      | Found a faded altar of an unknown god.
   293 | D:1      | Reached XP level 2. HP: 27/27 MP: 2/2
   576 | D:1      | Reached XP level 3. HP: 33/33 MP: 3/3
   669 | D:1      | Found Haile's Distillery.
  1021 | D:1      | You fall into a shaft and drop 1 floor!
  1040 | D:2      | Reached ** piety under Trog
  1046 | D:2      | Reached skill level 5 in Axes
  1046 | D:2      | Reached XP level 4. HP: 22/41 MP: 4/4
  2210 | D:3      | Reached XP level 5. HP: 43/47 MP: 5/5
  2509 | D:3      | Reached skill level 6 in Axes
  2938 | D:3      | Noticed a phantom
  2958 | D:3      | Killed a phantom
  3079 | D:4      | Reached XP level 6. HP: 34/55 MP: 6/6
  3266 | D:4      | Found a staircase to the Ecumenical Temple.
  3290 | Temple   | Entered the Ecumenical Temple
  3841 | D:5      | Entered Level 5 of the Dungeon
  4018 | D:5      | Reached skill level 5 in Fighting
  4025 | D:5      | Reached *** piety under Trog
  4136 | D:5      | Reached skill level 7 in Axes
  4136 | D:5      | Reached skill level 1 in Maces & Flails
  4136 | D:5      | Reached XP level 7. HP: 14/61 MP: 7/7
  4440 | D:5      | Noticed Edmund
  4473 | D:5      | Killed Edmund
  5386 | D:5      | Reached skill level 5 in Armour
  5386 | D:5      | Reached XP level 8. HP: 59/70 MP: 8/8
  5625 | D:5      | Noticed Eustachio
  5633 | D:5      | Killed Eustachio
  5634 | D:5      | Reached skill level 5 in Maces & Flails
  6174 | D:6      | Noticed a two-headed ogre
  6188 | D:6      | Mangled by a two-headed ogre

Illustrated notes

Levels and vault maps discovered:
D:1:      roderic_crop_circles_arrival_small, layout_loops_cross,
          shapermc_ecumenical_altar_notcrosses, serial_shops, shop
D:2:      layout_basic, minmay_door_square, minmay_hedge_maze
D:3:      layout_basic, moated_statue, kennysheep_generic_room_4
D:4:      layout_rooms, mainiacjoe_overflow_surrounded_room,
          minmay_temple_entry_sparse_star
D:5:      kennysheep_big_flooded_room, layout_basic, chequers_arboretum,
          minmay_misc_feat_pillars, uniq_edmund, uniq_eustachio
D:6:      layout_loops_ring, uniq_crazy_yiuf_cottage
Temple:   roderic_octagonal_lattice_temple

Skill      XL: |  1  2  3  4  5  6  7  8 |
---------------+-------------------------+-----
Fighting       | 4 5 6 |  6.2
Axes           | 5 6 7 |  7.3
Dodging        | 2 |  2.4
Armour         | 3 4 5 |  5.5
Maces & Flails | 1 4 5 |  5.3
Stealth        | |  0.3

Action                   |  1- 3 |  4- 6 |  7- 9 || total
-------------------------+-------+-------+-------++-------
Melee: Hand axe          |   146 |   156 |       ||   302
       Punch             |     2 |       |     1 ||     3
       Flail             |       |    16 |    96 ||   112
Evoke: Wand              |       |       |     1 ||     1
  Use: Potion            |       |       |     1 ||     1
Armor: Animal skin       |     4 |       |       ||     4
       Chain mail        |    50 |    80 |    47 ||   177
Dodge: Dodged            |    43 |    55 |    41 ||   139
Block: Buckler           |       |       |     2 ||     2
